[Event "January 9 Early 2024"]
[Site "https://www.chess.com"]
[Date "2024.01.11"]
[Round "10"]
[White "Chu, Wei Chao"]
[Black "Hayrapetyan, Hovik"]
[Result "1-0"]
[Board "95"]
[TimeControl "180+1"]
[WhiteFideId "8605661"]
[BlackFideId "13302639"]
[WhiteElo "2638"]
[BlackElo "2803"]
[WhiteTeam "CHN"]
[BlackTeam "ARM"]
[WhiteClock "0:00:01"]
[BlackClock "0:00:01"]

1. d4 Nf6 2. c4 e6 3. Nf3 d5 4. Nc3 Bb4 5. Qa4+ Nc6 6. e3 O-O 7. Qc2 Re8 8. Bd2 Bf8 9. a3 e5 10. dxe5 Nxe5 11. cxd5 Nxf3+ 12. gxf3 Nxd5 13. O-O-O a5 14. Bc4 Nb6 15. Bd3 Qh4 16. Ne4 Be6 17. Rdg1 h6 18. Bc3 Nd5 19. Rg3 Bf5 20. Rhg1 Bg6 21. Rxg6 fxg6 22. Bc4 c6 23. Nf6+ Kh8 24. Qxg6 Nxf6 25. f4 Qh5 26. Qxf6 Re7 27. Qg6 1-0

[Event "January 9 Early 2024"]
[Site "https://www.chess.com"]
[Date "2024.01.11"]
[Round "10"]
[White "Mazurkiewicz, Michal"]
[Black "Janaszak, Dawid"]
[Result "0-1"]
[Board "96"]
[TimeControl "180+1"]
[WhiteFideId "1124943"]
[BlackFideId "1119206"]
[WhiteElo "2457"]
[BlackElo "2626"]
[WhiteTeam "POL"]
[BlackTeam "POL"]
[WhiteClock "0:00:04"]
[BlackClock "0:00:38"]

1. e4 d5 2. exd5 Qxd5 3. d3 e5 4. Nc3 Qd8 5. g3 Nf6 6. Nf3 Nc6 7. Bg2 Bd6 8. O-O O-O 9. Re1 Re8 10. h3 a6 11. Be3 Bf5 12. g4 Bd7 13. Ne4 Nxe4 14. dxe4 Qe7 15. Nd2 b5 16. c4 Rad8 17. Qe2 Nd4 18. Bxd4 exd4 19. e5 Qxe5 20. Qxe5 Bxe5 21. Nf3 Bf6 22. g5 Be7 23. Nxd4 Bxg5 24. cxb5 axb5 25. Nc6 Rc8 26. Bd5 Kf8 27. Rad1 Bxh3 28. Na7 Rcd8 29. Rxe8+ Rxe8 30. Nxb5 Bf4 31. Bc6 Rb8 32. a4 Rb6 33. Rd8+ Ke7 34. Re8+ Kf6 35. Bf3 Rb7 36. Nc3 Rxb2 37. Nd5+ Kg5 38. Nxf4 Kxf4 39. Be2 Be6 40. Ra8 Rxe2 41. a5 Ra2 42. a6 Bd5 43. Ra7 Ra1+ 44. Kh2 Rh1# 0-1

[Event "January 9 Early 2024"]
[Site "https://www.chess.com"]
[Date "2024.01.11"]
[Round "10"]
[White "Van Foreest, Jorden"]
[Black "Kuzubov, Yuriy"]
[Result "1-0"]
[Board "97"]
[TimeControl "180+1"]
[WhiteFideId "1039784"]
[BlackFideId "14112906"]
[WhiteElo "3014"]
[BlackElo "2866"]
[WhiteTeam "NED"]
[BlackTeam "UKR"]
[WhiteClock "0:00:10"]
[BlackClock "0:00:02"]

1. e4 e6 2. d4 d5 3. Nd2 Nc6 4. c3 e5 5. Ngf3 exd4 6. exd5 Qxd5 7. Bc4 Qh5 8. cxd4 Nf6 9. O-O Be7 10. Ne5 Qxd1 11. Rxd1 Nxe5 12. dxe5 Ng4 13. Re1 Be6 14. h3 Nh6 15. g4 O-O-O 16. Bxe6+ fxe6 17. Ne4 Nf7 18. f4 h5 19. Kg2 hxg4 20. hxg4 Rh4 21. Nf2 Bb4 22. Re2 Rdh8 23. Be3 Rh2+ 24. Kf3 g5 25. Rg1 Be7 26. Rg2 R2h7 27. Ne4 Rh3+ 28. Rg3 Rh1 29. Bd2 Rf8 30. Kg2 Rfh8 31. Kf3 gxf4 32. Bxf4 Rf8 33. Ke3 Nh8 34. Nf6 1-0

[Event "January 9 Early 2024"]
[Site "https://www.chess.com"]
[Date "2024.01.11"]
[Round "10"]
[White "Yagupov, Igor"]
[Black "Agrest, Inna"]
[Result "1-0"]
[Board "98"]
[TimeControl "180+1"]
[WhiteFideId "4113632"]
[BlackFideId "1708830"]
[WhiteElo "2611"]
[BlackElo "2362"]
[WhiteTeam "RUS"]
[BlackTeam "SWE"]
[WhiteClock "0:00:15"]
[BlackClock "0:00:11"]

1. Nf3 Nf6 2. c4 g6 3. Nc3 Bg7 4. e4 d6 5. d4 O-O 6. Be2 Nbd7 7. O-O e5 8. d5 Nc5 9. Nd2 a5 10. Rb1 Bd7 11. b3 Ne8 12. a3 f5 13. b4 axb4 14. axb4 Na4 15. Qc2 Nf6 16. Bd3 Nh5 17. Nf3 Nxc3 18. Qxc3 fxe4 19. Bxe4 Nf6 20. Nd2 Bh6 21. Bd3 Bf5 22. Bxf5 gxf5 23. Qh3 Ng4 24. Nf3 Qf6 25. c5 Kh8 26. cxd6 cxd6 27. Bb2 Rg8 28. Ra1 Rxa1 29. Rxa1 Qd8 30. Qh5 Qb6 31. Rf1 Be3 32. Qxf5 Bxf2+ 33. Kh1 Qxb4 34. h3 Qxb2 35. hxg4 Qe2 36. Qf6+ Rg7 37. Rc1 Bc5 38. Ng5 h6 39. Qf8+ Rg8 40. Qxh6# 1-0

[Event "January 9 Early 2024"]
[Site "https://www.chess.com"]
[Date "2024.01.11"]
[Round "10"]
[White "Sanchez Alvares, Kelvin Antonio"]
[Black "Murthy, Pappu"]
[Result "1-0"]
[Board "99"]
[TimeControl "180+1"]
[WhiteFideId "3906680"]
[BlackFideId "2013401"]
[WhiteElo "2371"]
[BlackElo "1904"]
[WhiteTeam "VEN"]
[BlackTeam "USA"]
[WhiteClock "0:00:41"]
[BlackClock "0:00:03"]

1. e4 e6 2. d4 d5 3. e5 c5 4. c3 Nc6 5. Nf3 Qb6 6. a3 c4 7. Nbd2 Na5 8. Be2 Bd7 9. O-O O-O-O 10. Ng5 Be8 11. f4 h6 12. Nh3 Ne7 13. Rb1 Kb8 14. Nf2 Qc7 15. g4 h5 16. h3 hxg4 17. hxg4 g6 18. Kg2 Nc8 19. Nf3 Nb6 20. Be3 Ba4 21. Qe1 Be7 22. Bd1 Bxd1 23. Qxd1 Nb3 24. Nh3 Qc6 25. Rh1 Qa4 26. Qe2 Ka8 27. Nhg5 Qe8 28. Rxh8 Qxh8 29. Nxf7 Qg7 30. Nxd8 Bxd8 31. Rh1 Kb8 32. Kg3 a6 33. Qh2 Ka7 34. Qh8 Qd7 35. Rh7 Qc8 36. Qe8 Na5 37. Rh8 Nc6 38. Qxg6 Qc7 39. Rh7 Qc8 40. f5 exf5 41. Qxf5 Qxf5 42. gxf5 Kb8 43. f6 Kc8 44. Ng5 Nd7 45. Rh8 Kc7 46. Ne6+ Kc8 47. f7 1-0

[Event "January 9 Early 2024"]
[Site "https://www.chess.com"]
[Date "2024.01.11"]
[Round "10"]
[White "Jovic, Stanoje"]
[Black "Iljin, Timofey"]
[Result "0-1"]
[Board "100"]
[TimeControl "180+1"]
[WhiteFideId "905020"]
[BlackFideId "14110180"]
[WhiteElo "2418"]
[BlackElo "2550"]
[WhiteTeam "SRB"]
[BlackTeam "UKR"]
[WhiteClock "0:00:17"]
[BlackClock "0:00:03"]

1. c4 c5 2. g3 g6 3. Bg2 Bg7 4. Nc3 Nc6 5. Nf3 d6 6. O-O Bf5 7. a3 Qd7 8. b4 Bh3 9. bxc5 Bxg2 10. Kxg2 dxc5 11. Rb1 h5 12. Qa4 Nf6 13. Nd5 h4 14. Nb6 Qf5 15. Nxa8 Qxb1 16. Nc7+ Kf8 17. d3 hxg3 18. hxg3 Qa2 19. Re1 Ng4 20. Qb5 Bc3 21. Rf1 Qxe2 22. Qxb7 Nce5 23. Nxe5 Rh2+ 24. Kg1 Bxe5 25. Qc8+ Kg7 26. Qxg4 Qxg4 27. Kxh2 Bxc7 28. Kg2 Qe2 29. Be3 Qxd3 30. Rb1 Qxb1 0-1

[Event "January 9 Early 2024"]
[Site "https://www.chess.com"]
[Date "2024.01.11"]
[Round "10"]
[White "Soraas, Torben"]
[Black "Nikologorsky, Matfei"]
[Result "0-1"]
[Board "101"]
[TimeControl "180+1"]
[WhiteFideId "1503529"]
[BlackFideId "24102474"]
[WhiteElo "2271"]
[BlackElo "2460"]
[WhiteTeam "NOR"]
[BlackTeam "FID"]
[WhiteClock "0:00:01"]
[BlackClock "0:00:20"]

1. e4 c5 2. Nc3 e6 3. g3 d5 4. Bg2 d4 5. Nb1 Nc6 6. d3 e5 7. f4 Bd6 8. f5 g6 9. fxg6 hxg6 10. Nd2 Nh6 11. h3 Be6 12. Nc4 Bxc4 13. dxc4 Qe7 14. Nf3 O-O-O 15. Bd2 Rde8 16. Qe2 f5 17. O-O-O Kb8 18. Kb1 fxe4 19. Qxe4 Nf5 20. Bg5 Qe6 21. Bh4 Ne3 22. Rd2 Nxc4 23. Rf2 Rhf8 24. Rhf1 Nb4 25. b3 Na5 26. Ng5 Qd7 27. Rxf8 Rxf8 28. Rxf8+ Bxf8 29. Qxg6 d3 30. cxd3 c4 31. bxc4 Nxa2 32. Qe6 Nc3+ 33. Kc2 Qa4+ 34. Kxc3 Bb4+ 35. Kb2 Qb3+ 36. Kc1 Qc3+ 37. Kb1 Qe1+ 38. Kb2 Qd2+ 39. Kb1 Qxd3+ 40. Kb2 Bc3+ 0-1

[Event "January 9 Early 2024"]
[Site "https://www.chess.com"]
[Date "2024.01.11"]
[Round "10"]
[White "Matthes, Aaron"]
[Black "Shuvalov, Evgenij"]
[Result "0-1"]
[Board "102"]
[TimeControl "180+1"]
[WhiteFideId "16227310"]
[BlackFideId "4187237"]
[WhiteElo "2405"]
[BlackElo "2538"]
[WhiteTeam "GER"]
[BlackTeam "FID"]
[WhiteClock "0:00:22"]
[BlackClock "0:00:13"]

1. Nf3 Nf6 2. d4 g6 3. g3 Bg7 4. Bg2 O-O 5. O-O d5 6. b3 c5 7. Bb2 Ne4 8. Nbd2 Nc6 9. e3 Bg4 10. h3 Nxd2 11. Qxd2 Bf5 12. c3 Be4 13. dxc5 a5 14. a3 Qc8 15. b4 Rd8 16. Rfd1 Bxf3 17. Bxf3 Ne5 18. Bg2 Nc4 19. Qe2 axb4 20. axb4 Rxa1 21. Bxa1 e6 22. e4 Qa8 23. exd5 exd5 24. Bxd5 Rxd5 25. Rxd5 Qxa1+ 26. Rd1 Qxc3 27. Qe8+ Bf8 28. Rd8 Qg7 29. Qe4 b5 30. Rb8 Qf6 31. Qe8 Qg7 32. Qxb5 Nd2 33. Qe2 Qa1+ 34. Kg2 Qd4 35. Kg1 Qa1+ 36. Kh2 Qd4 37. c6 Qd5 38. c7 Nf3+ 39. Qxf3 Qxf3 40. Rxf8+ Kg7 41. Kg1 Qd1+ 42. Kg2 Qd5+ 43. Kf1 Qc4+ 44. Kg1 Kxf8 45. b5 Qxc7 0-1

[Event "January 9 Early 2024"]
[Site "https://www.chess.com"]
[Date "2024.01.11"]
[Round "10"]
[White "Burmakin, Evgeniy"]
[Black "Khegay, Yuliya"]
[Result "0-1"]
[Board "103"]
[TimeControl "180+1"]
[WhiteFideId "4163729"]
[BlackFideId "14205394"]
[WhiteElo "2396"]
[BlackElo "2248"]
[WhiteTeam "RUS"]
[BlackTeam "UZB"]
[WhiteClock "0:00:09"]
[BlackClock "0:00:09"]

1. e4 c5 2. Nc3 Nc6 3. Bb5 Nd4 4. Bc4 g6 5. Nf3 Bg7 6. Nxd4 Bxd4 7. Qf3 e6 8. Nb5 Be5 9. d4 cxd4 10. Bf4 d6 11. Bxe5 dxe5 12. Qa3 Ne7 13. Nd6+ Kf8 14. O-O Kg7 15. f4 exf4 16. Rxf4 Rf8 17. Raf1 f5 18. exf5 Nxf5 19. g4 Qxd6 20. Qxd6 Nxd6 21. Rxf8 Nxc4 22. R1f7+ Kh6 23. h4 Ne5 24. Rc7 Nxg4 25. Rfxc8 Rxc8 26. Rxc8 e5 27. Re8 Kg7 28. Re7+ Kf6 29. Rxb7 Ne3 30. Rxh7 Nxc2 31. Rxa7 d3 32. Rd7 Nd4 33. Kf2 d2 34. Rd6+ Kf5 35. Ke3 d1=Q 0-1

[Event "January 9 Early 2024"]
[Site "https://www.chess.com"]
[Date "2024.01.11"]
[Round "10"]
[White "Recuero Guerra, Javier"]
[Black "Poddubnyi, Viktor"]
[Result "0-1"]
[Board "104"]
[TimeControl "180+1"]
[WhiteFideId "2254085"]
[BlackFideId "4141989"]
[WhiteElo "2286"]
[BlackElo "2419"]
[WhiteTeam "ESP"]
[BlackTeam "RUS"]
[WhiteClock "0:00:01"]
[BlackClock "0:00:04"]

1. e4 g6 2. d4 Bg7 3. Nc3 d6 4. f4 Nf6 5. Bd3 e5 6. dxe5 dxe5 7. Nf3 exf4 8. Bxf4 c6 9. Qe2 Qb6 10. O-O-O O-O 11. h3 Nbd7 12. Be3 Qa5 13. Bd4 Nc5 14. Rhe1 Nxd3+ 15. Qxd3 Be6 16. Kb1 b5 17. b3 Rad8 18. Qe3 Nd7 19. Bxg7 Kxg7 20. e5 Nb6 21. Ne4 Nd5 22. Qg5 Nb4 23. Nc3 h6 24. Qf6+ Kg8 25. Qf4 Bf5 26. Rxd8 Bxc2+ 27. Kb2 Rxd8 28. Qxh6 Bf5 0-1

[Event "January 9 Early 2024"]
[Site "https://www.chess.com"]
[Date "2024.01.11"]
[Round "10"]
[White "Bachmann, Axel"]
[Black "Bardyk, Artem"]
[Result "1-0"]
[Board "105"]
[TimeControl "180+1"]
[WhiteFideId "3700488"]
[BlackFideId "34349979"]
[WhiteElo "2896"]
[BlackElo "2772"]
[WhiteTeam "PAR"]
[BlackTeam "RUS"]
[WhiteClock "0:00:21"]
[BlackClock "0:00:12"]

1. d4 d5 2. c4 e6 3. Nc3 Nf6 4. cxd5 Nxd5 5. e4 Nxc3 6. bxc3 c5 7. Rb1 Be7 8. Nf3 O-O 9. Bc4 Nd7 10. O-O b6 11. d5 e5 12. Bb5 Bd6 13. c4 Nf6 14. Re1 h6 15. h3 Bd7 16. a4 Bxb5 17. Rxb5 Ne8 18. a5 Nc7 19. Rb1 Rb8 20. axb6 axb6 21. Re3 b5 22. cxb5 Nxb5 23. Nd2 Be7 24. Reb3 Qd7 25. Qg4 f5 26. exf5 Bd6 27. Ne4 c4 28. Rxb5 Rxb5 29. Rxb5 Qxb5 30. Nxd6 Qd7 31. Nxc4 Qxd5 32. Bxh6 Rf7 33. Ne3 Qd2 34. f6 Qc1+ 35. Kh2 e4 36. Bxg7 Qc7+ 37. g3 Qd7 38. Nf5 e3 39. Nh6+ Kh7 40. Qe4+ Qf5 1-0

[Event "January 9 Early 2024"]
[Site "https://www.chess.com"]
[Date "2024.01.11"]
[Round "10"]
[White "Yurovskykh, Oleksandr"]
[Black "Weetik, Vjacheslav"]
[Result "1-0"]
[Board "106"]
[TimeControl "180+1"]
[WhiteFideId "14134020"]
[BlackFideId "4153472"]
[WhiteElo "2638"]
[BlackElo "2743"]
[WhiteTeam "UKR"]
[BlackTeam "RUS"]
[WhiteClock "0:00:17"]
[BlackClock "0:00:01"]

1. d4 Nf6 2. Nf3 e6 3. Bf4 d5 4. e3 c5 5. c3 Bd6 6. Bg3 O-O 7. Nbd2 Qc7 8. dxc5 Qxc5 9. Bd3 Nbd7 10. Qe2 Bxg3 11. hxg3 h6 12. e4 dxe4 13. Bxe4 Rd8 14. O-O-O Qa5 15. Kb1 Nc5 16. Bc2 Qc7 17. Ne5 b6 18. g4 Ba6 19. c4 Bb7 20. f4 Nfd7 21. g5 Nxe5 22. fxe5 Rd4 23. gxh6 g6 24. Nf3 Rxd1+ 25. Rxd1 Rd8 26. Rh1 Bxf3 27. gxf3 Qe7 28. f4 Kh7 29. a3 a5 30. Qg2 Rd4 31. Rg1 Qe8 32. Qg5 Ne4 33. Bxe4 Rxe4 34. Qf6 Qg8 35. Rc1 Rd4 36. c5 bxc5 37. Rxc5 Rd7 38. Rc8 Rd1+ 39. Ka2 1-0

[Event "January 9 Early 2024"]
[Site "https://www.chess.com"]
[Date "2024.01.11"]
[Round "10"]
[White "Chemin, Justo Reinaldo"]
[Black "Buscar, Michael"]
[Result "0-1"]
[Board "107"]
[TimeControl "180+1"]
[WhiteFideId "2101580"]
[BlackFideId "2603616"]
[WhiteElo "2244"]
[BlackElo "2421"]
[WhiteTeam "BRA"]
[BlackTeam "CAN"]
[WhiteClock "0:00:02"]
[BlackClock "0:00:17"]

1. d4 Nf6 2. Bf4 c5 3. e3 Qb6 4. b3 cxd4 5. exd4 d5 6. Nd2 Bg4 7. Ndf3 e6 8. c3 Ne4 9. Rc1 Ba3 10. Rc2 Nd7 11. Bd3 Rc8 12. Ne2 Bxf3 13. gxf3 Nef6 14. O-O Bd6 15. Be3 Qc7 16. f4 Nh5 17. Qd2 Ndf6 18. c4 Qb8 19. c5 Bc7 20. Bb5+ Ke7 21. c6 Ne4 22. Qb4+ Bd6 23. Qa4 a6 24. Bd3 Nxf4 25. Bxe4 Nxe2+ 26. Rxe2 dxe4 27. cxb7 Qxb7 28. Qa5 Qb5 29. Qxb5 axb5 30. f3 exf3 31. Rxf3 f6 32. d5 exd5 33. Bf4+ Kd7 34. Bxd6 Kxd6 35. Rg2 Rc1+ 36. Rf1 Rxf1+ 37. Kxf1 g6 38. Ke2 Rc8 39. Kd3 b4 40. Rg4 Rb8 0-1

[Event "January 9 Early 2024"]
[Site "https://www.chess.com"]
[Date "2024.01.11"]
[Round "10"]
[White "Boruchovsky, Avital"]
[Black "Kantans, Toms"]
[Result "1-0"]
[Board "108"]
[TimeControl "180+1"]
[WhiteFideId "2800055"]
[BlackFideId "11602945"]
[WhiteElo "2782"]
[BlackElo "2645"]
[WhiteTeam "ISR"]
[BlackTeam "LAT"]
[WhiteClock "0:00:10"]
[BlackClock "0:00:03"]

1. e4 c5 2. Nc3 Nc6 3. g3 Rb8 4. f4 g6 5. Nf3 Bg7 6. a4 a6 7. Bg2 b5 8. axb5 axb5 9. O-O b4 10. Nd5 e6 11. Ne3 Nge7 12. e5 O-O 13. Nc4 f6 14. d3 Nf5 15. c3 bxc3 16. bxc3 Qc7 17. g4 Nfe7 18. Be3 fxe5 19. fxe5 Qd8 20. Bxc5 h6 21. Qd2 g5 22. h4 gxh4 23. Nxh4 Rxf1+ 24. Rxf1 Nd5 25. Ng6 Ba6 26. Ne3 Nxe3 27. Qxe3 Qa5 28. Qf2 Qxc3 29. Qf7+ Kh7 30. Bf8 Qd4+ 31. Kh1 Rxf8 32. Nxf8+ Kh8 33. Ng6+ Kh7 34. Bxc6 Bxd3 35. Nf8+ Kh8 36. Rf4 1-0

[Event "January 9 Early 2024"]
[Site "https://www.chess.com"]
[Date "2024.01.11"]
[Round "10"]
[White "Pourkashiyan, Atousa"]
[Black "Tarhan, Adar"]
[Result "0-1"]
[Board "109"]
[TimeControl "180+1"]
[WhiteFideId "12502014"]
[BlackFideId "34544712"]
[WhiteElo "2508"]
[BlackElo "2697"]
[WhiteTeam "USA"]
[BlackTeam "TUR"]
[WhiteClock "0:00:02"]
[BlackClock "0:00:15"]

1. e4 c6 2. d4 d5 3. exd5 cxd5 4. Bd3 Nf6 5. c3 Nc6 6. Ne2 g6 7. O-O Bf5 8. Bxf5 gxf5 9. Nd2 Rg8 10. Nf3 e6 11. Bg5 Be7 12. Bxf6 Bxf6 13. Qd2 Qd7 14. b4 O-O-O 15. a4 Kb8 16. a5 Rg6 17. Nf4 Rg4 18. h3 Rgg8 19. Nd3 Qd6 20. b5 Ne7 21. Nfe5 Ng6 22. Nxf7 Nh4 23. Nxd6 Nf3+ 24. Kh1 Nxd2 25. Nf7 Rc8 26. Rfd1 Ne4 27. a6 Rxc3 28. f3 Rxd3 29. fxe4 Rxd1+ 30. Rxd1 fxe4 31. axb7 Rf8 32. Nh6 Kxb7 33. Ng4 Be7 34. Kg1 Bd6 35. Ne3 Kb6 36. Rb1 Bg3 37. Kh1 Bf2 38. Nc2 Rc8 39. Rb2 e3 40. g4 e2 41. Kg2 Rxc2 0-1

[Event "January 9 Early 2024"]
[Site "https://www.chess.com"]
[Date "2024.01.11"]
[Round "10"]
[White "Shevchuk, Olexandr"]
[Black "Skliarov, Viktor"]
[Result "0-1"]
[Board "110"]
[TimeControl "180+1"]
[WhiteFideId "14113775"]
[BlackFideId "14106736"]
[WhiteElo "2501"]
[BlackElo "2669"]
[WhiteTeam "UKR"]
[BlackTeam "UKR"]
[WhiteClock "0:00:14"]
[BlackClock "0:00:06"]

1. d4 Nf6 2. c4 e6 3. g3 c5 4. d5 exd5 5. cxd5 b5 6. e4 Nxe4 7. Bg2 Nd6 8. Ne2 Be7 9. O-O O-O 10. Bf4 Na6 11. Nd2 Bb7 12. Nc3 Nc7 13. Re1 b4 14. Bxd6 Bxd6 15. Nce4 Nb5 16. Nc4 Be7 17. a3 bxa3 18. bxa3 Rb8 19. Rb1 Ba8 20. d6 Bf6 21. Nxf6+ Qxf6 22. Bxa8 Nc3 23. Rxb8 Nxd1 24. Rxf8+ Kxf8 25. Rxd1 Qc3 26. Ne3 g6 27. Bd5 Qxa3 28. h4 h5 29. Rb1 a5 30. Rb7 a4 31. Rxd7 Qa1+ 32. Kg2 Qe5 33. Rd8+ Kg7 34. Rd7 a3 35. Rxf7+ Kh6 36. Rd7 c4 37. Bxc4 Qe4+ 38. Kh2 Qd4 39. Ra7 Qxa7 40. d7 Qxd7 0-1

[Event "January 9 Early 2024"]
[Site "https://www.chess.com"]
[Date "2024.01.11"]
[Round "10"]
[White "Khamdamova, Afruza"]
[Black "Bueno, Alfeu Junior Varela"]
[Result "0-1"]
[Board "111"]
[TimeControl "180+1"]
[WhiteFideId "14210444"]
[BlackFideId "2108879"]
[WhiteElo "2500"]
[BlackElo "2422"]
[WhiteTeam "UZB"]
[BlackTeam "BRA"]
[WhiteClock "0:00:39"]
[BlackClock "0:00:07"]

1. e4 e6 2. d4 d5 3. Nd2 Nf6 4. e5 Nfd7 5. Bd3 c5 6. c3 Nc6 7. Ne2 cxd4 8. cxd4 f6 9. exf6 Nxf6 10. O-O Bd6 11. Nf3 Qc7 12. Bg5 O-O 13. Ng3 a6 14. Rc1 Bd7 15. Qc2 Be8 16. Bxf6 gxf6 17. Bxh7+ Qxh7 18. Qe2 Bf7 19. Rc3 Bxg3 20. fxg3 Rae8 21. Nh4 Bh5 22. Qf2 Qe4 23. g4 Bf7 24. Nf3 Qf4 25. Kh1 e5 26. dxe5 fxe5 27. Qg1 Bg6 28. Rcc1 Bd3 29. Rfe1 e4 30. Nd4 Qf2 31. Nxc6 Qxg1+ 32. Kxg1 bxc6 33. Rxc6 e3 34. Rc3 Bc4 35. b3 Bb5 36. a4 d4 37. Rc5 d3 38. Rg5+ Kh7 39. Rc1 d2 40. Rc7+ Kh6 41. Rh5+ Kg6 42. h3 d1=Q+ 43. Kh2 Qd6+ 0-1

[Event "January 9 Early 2024"]
[Site "https://www.chess.com"]
[Date "2024.01.11"]
[Round "10"]
[White "Kvaloy, Aksel Bu"]
[Black "Sethuraman, S.P."]
[Result "0-1"]
[Board "112"]
[TimeControl "180+1"]
[WhiteFideId "1528815"]
[BlackFideId "5021596"]
[WhiteElo "2731"]
[BlackElo "2886"]
[WhiteTeam "NOR"]
[BlackTeam "IND"]
[WhiteClock "0:00:03"]
[BlackClock "0:00:23"]

1. d4 d5 2. Nf3 Nf6 3. Bf4 g6 4. e3 Bg7 5. c4 O-O 6. Nc3 c5 7. cxd5 Nxd5 8. Nxd5 Qxd5 9. Be2 Nc6 10. O-O cxd4 11. exd4 Nxd4 12. Nxd4 Qxd4 13. Qxd4 Bxd4 14. Bf3 e5 15. Be3 Bxe3 16. fxe3 Be6 17. b3 Rab8 18. Rac1 Rfd8 19. Rc7 Rd3 20. Re1 Rd2 21. Re2 Rxe2 22. Bxe2 a5 23. Kf2 b6 24. Rc6 Kg7 25. e4 h5 26. h4 Kf8 27. Ke3 Ke7 28. Bb5 Rb7 29. Ba6 Rb8 30. Bb5 Kd8 31. g3 Rb7 32. Kd3 Bd7 33. Rd6 Ke7 34. Rd5 f6 35. Bxd7 Rxd7 36. Kc4 Rxd5 37. Kxd5 Kd7 38. a4 Ke7 39. Kc6 f5 40. exf5 e4 0-1

[Event "January 9 Early 2024"]
[Site "https://www.chess.com"]
[Date "2024.01.11"]
[Round "10"]
[White "Nouali, Mohamed"]
[Black "Tifferet, Shakked"]
[Result "0-1"]
[Board "113"]
[TimeControl "180+1"]
[WhiteFideId "5502462"]
[BlackFideId "2811529"]
[WhiteElo "2572"]
[BlackElo "2494"]
[WhiteTeam "TUN"]
[BlackTeam "ISR"]
[WhiteClock "0:00:01"]
[BlackClock "0:00:21"]

1. e4 c5 2. Nf3 Nc6 3. d4 cxd4 4. Nxd4 e5 5. Nb5 d6 6. N1c3 a6 7. Na3 b5 8. Nd5 Nf6 9. Bg5 Be7 10. Bxf6 Bxf6 11. c3 O-O 12. Nc2 Bg5 13. a4 bxa4 14. Rxa4 a5 15. Bc4 Ne7 16. O-O Nxd5 17. Bxd5 Rb8 18. Qa1 Bd7 19. Rxa5 Rxb2 20. Nb4 Rd2 21. Ra7 Bf4 22. Qa6 Bc8 23. Qc4 Bg4 24. Rxf7 Rxf7 25. Bxf7+ Kf8 26. Nc6 Qh4 27. g3 Qh3 28. Nxe5 Bxe5 29. Rb1 Rd1+ 30. Rxd1 Bxd1 31. Be6 Qh5 32. Qc8+ Qe8 33. Qxe8+ Kxe8 34. c4 g5 35. Bd5 g4 36. Kf1 Bc3 37. Kg2 Bf3+ 38. Kf1 Ke7 39. Kg1 Kf6 40. Bc6 Ke5 0-1

[Event "January 9 Early 2024"]
[Site "https://www.chess.com"]
[Date "2024.01.11"]
[Round "10"]
[White "Xu, Yi"]
[Black "Halkias, Stelios"]
[Result "1-0"]
[Board "114"]
[TimeControl "180+1"]
[WhiteFideId "8605564"]
[BlackFideId "4201809"]
[WhiteElo "2866"]
[BlackElo "2723"]
[WhiteTeam "CHN"]
[BlackTeam "GRE"]
[WhiteClock "0:00:20"]
[BlackClock "0:00:03"]

1. e4 c5 2. Nf3 d6 3. d4 cxd4 4. Nxd4 Nf6 5. Nc3 a6 6. Bd3 e6 7. O-O Nbd7 8. a4 b6 9. f4 Bb7 10. Qe2 Qc7 11. Bd2 Be7 12. Rae1 O-O 13. Kh1 Rfd8 14. Rf3 Bf8 15. Rh3 g6 16. Nf3 Bg7 17. Qf2 Ng4 18. Qh4 h5 19. f5 Nde5 20. Nxe5 dxe5 21. fxg6 fxg6 22. Rf3 Rf8 23. Ref1 Rxf3 24. Rxf3 Rf8 25. Bg5 Qc5 26. Nd1 Rxf3 27. gxf3 Qf8 28. Qh3 Nf6 29. Qxe6+ Kh7 30. Kg2 Bc8 31. Qxb6 Nd5 32. exd5 Bh3+ 33. Kg3 e4 34. Bxe4 Bf5 35. Bxf5 Qxf5 36. Qe3 h4+ 37. Bxh4 Be5+ 38. Kg2 g5 39. Bg3 Qxc2+ 40. Nf2 Bf4 41. Bxf4 gxf4 42. Qe4+ 1-0

[Event "January 9 Early 2024"]
[Site "https://www.chess.com"]
[Date "2024.01.11"]
[Round "10"]
[White "Md, Sariatullah"]
[Black "Garakov, Mikhael"]
[Result "1-0"]
[Board "115"]
[TimeControl "180+1"]
[WhiteFideId "10207333"]
[BlackFideId "4169034"]
[WhiteElo "2287"]
[BlackElo "2652"]
[WhiteTeam "BAN"]
[BlackTeam "RUS"]
[WhiteClock "0:00:09"]
[BlackClock "0:00:05"]

1. e4 c5 2. Nf3 e6 3. d4 cxd4 4. Nxd4 Nc6 5. Be3 Nf6 6. Bd3 d5 7. Nxc6 bxc6 8. Nd2 e5 9. O-O Be7 10. c3 O-O 11. h3 h6 12. Qe2 Be6 13. f4 exf4 14. Bxf4 Qb6+ 15. Kh1 Qxb2 16. Rab1 Qxa2 17. Rb7 dxe4 18. Bb1 Qa3 19. Nxe4 Bd5 20. Bc1 Qa4 21. Nxf6+ Bxf6 22. Rxf6 gxf6 23. Qd3 Be4 24. Qg3+ Kh8 25. Rb4 Qd1+ 26. Kh2 Bxb1 27. Bxh6 Rg8 28. Qh4 Rxg2+ 29. Kxg2 Qe2+ 30. Qf2 Qh5 31. Qxf6+ Kg8 32. Qg7# 1-0

[Event "January 9 Early 2024"]
[Site "https://www.chess.com"]
[Date "2024.01.11"]
[Round "10"]
[White "Akobian, Varuzhan"]
[Black "Rohith Krishna S"]
[Result "0-1"]
[Board "116"]
[TimeControl "180+1"]
[WhiteFideId "13300580"]
[BlackFideId "46617051"]
[WhiteElo "2716"]
[BlackElo "2847"]
[WhiteTeam "USA"]
[BlackTeam "IND"]
[WhiteClock "0:00:02"]
[BlackClock "0:00:28"]

1. d4 Nf6 2. c4 c5 3. d5 e6 4. Nc3 exd5 5. cxd5 g6 6. Nf3 Bg7 7. Bf4 O-O 8. Bd6 Re8 9. Bxc5 Qa5 10. Bd4 b5 11. a3 b4 12. axb4 Qxb4 13. Qa4 Nxd5 14. Bxg7 Kxg7 15. Qxb4 Nxb4 16. Kd2 N8c6 17. e3 d5 18. Bb5 Be6 19. Rhc1 Reb8 20. Bxc6 Nxc6 21. Na4 Na5 22. Nc5 Nc4+ 23. Ke1 Rxb2 24. Nd4 Kf6 25. Ra6 Rb6 26. Rca1 Rxa6 27. Rxa6 Nb6 28. Ncxe6 fxe6 29. Nb5 Rb8 30. Ke2 Nc4 31. Nd4 Rb2+ 32. Ke1 Nb6 33. Rxa7 e5 34. Nf3 Nc4 35. Ra6+ Kf5 36. Ra1 g5 37. Rd1 g4 38. Nd2 Na3 39. f3 h5 40. e4+ dxe4 41. Nxe4 Rxg2 42. Ng3+ Ke6 43. fxg4 Nc2+ 44. Kf1 Ne3+ 45. Ke1 Nxd1 46. Kxd1 hxg4 0-1

[Event "January 9 Early 2024"]
[Site "https://www.chess.com"]
[Date "2024.01.11"]
[Round "10"]
[White "Hoffmann, Asa"]
[Black "Mekhitarian, Krikor Sevag"]
[Result "1-0"]
[Board "117"]
[TimeControl "180+1"]
[WhiteFideId "2001470"]
[BlackFideId "2107660"]
[WhiteElo "2383"]
[BlackElo "2699"]
[WhiteTeam "USA"]
[BlackTeam "BRA"]
[WhiteClock "0:00:34"]
[BlackClock "0:00:01"]

1. d4 Nf6 2. Bg5 d5 3. Nd2 c5 4. c3 Nc6 5. e3 cxd4 6. exd4 h6 7. Bh4 Bf5 8. Ngf3 e6 9. Bb5 Bd6 10. Ne5 Qc7 11. Bg3 O-O 12. Bxc6 bxc6 13. O-O c5 14. Re1 Rab8 15. b3 Rfc8 16. Ndf3 Ne4 17. Rc1 Qa5 18. dxc5 Qxc5 19. c4 Nxg3 20. hxg3 Ra8 21. Qd2 Be7 22. cxd5 Qxd5 23. Qxd5 exd5 24. Rcd1 Be6 25. Nd4 Re8 26. Nec6 Bf6 27. Rc1 Bd7 28. Red1 a5 29. f3 Ra6 30. Rc5 Rea8 31. Rdc1 Be6 32. Nxe6 fxe6 33. Kf1 Kf7 34. f4 Ke8 35. Ne5 Bxe5 36. fxe5 Kf7 37. Rc7+ Kg6 38. Ke2 R8a7 39. Ke3 Kf5 40. Kd4 g5 41. R7c6 Kg4 42. R1c3 h5 43. a3 Ra8 44. Rxa6 Rxa6 45. Kc5 Ra8 46. Kd6 Ra6+ 47. Ke7 Rb6 48. Kf6 Ra6 49. Rd3 Rb6 50. Kg6 Ra6 51. Rd4+ 1-0